 Dungeon Crawl Stone Soup version 0.22.0-21-g8bd1b0a (webtiles) character file.

29773 Lew the Blocker (level 13, 0/151 HPs)
             Began as a Demonspawn Abyssal Knight on Aug 19, 2018.
             Was the Champion of Lugonu.
             Killed from afar by a red draconian (13 damage)
             ... with a searing blast
             ... in a volcano.
             The game lasted 01:24:43 (21090 turns).

Lew the Blocker (Demonspawn Abyssal Knight)        Turns: 21090, Time: 01:24:46

Health: 0/151      AC: 35    Str: 16    XL:     13   Next: 17%
Magic:  14/14      EV:  2    Int: 14    God:    Lugonu [******]
Gold:   553        SH: 14    Dex: 23    Spells: 12/12 levels left

rFire    . . .     SeeInvis .   a - +7 falchion (venom)
rCold    + . .     Gourm    .   p - +1 shield
rNeg     + + +     Faith    .   (armour currently unavailable)
rPois    +         Spirit   .   (helmet currently unavailable)
rElec    +         Reflect  .   (cloak currently unavailable)
rCorr    .         Harm     .   (gloves currently unavailable)
MR       .....     NoTele   +   (boots currently unavailable)
Stlth    ++........             (no amulet)
HPRegen  0.35/turn              f - +3 ring of protection
MPRegen  0.14/turn              O - ring "Lasies" {rElec rC+ AC+6}

@: agile, tree-form, silence, drained
A: agile 1, demonic guardian 1, foul stench 2, strong 1, rot immunity,
MP-powered wands
a: Renounce Religion


You were in a volcano.
You worshipped Lugonu.
Lugonu was exalted by your worship.
You were not hungry.
You were a tree.
You visited 5 branches of the dungeon, and saw 16 of its levels.
You visited the Abyss 1 time.
You also visited: Labyrinth, Sewer, Ossuary and Volcano.

You collected 1472 gold pieces.
You spent 919 gold pieces at shops.

Inventory:

Hand Weapons
 a - a +7 falchion of venom (weapon)
 x - a +2 short sword of protection
 F - a +2 antimagic scimitar
 L - a +3 rapier of draining
Armour
 e - a +0 pair of boots (melded)
 p - a +1 shield (worn)
 u - a +2 pair of gloves of archery (melded)
 A - a +0 hat
 C - a scarf of resistance (melded)
 H - a +3 scale mail
 I - the +0 scale mail of Coronation (melded) {rElec rN++ rCorr Int-4}
   (You bought it in a shop on level 2 of the Orcish Mines)

   It affects your intelligence (-4).
   It insulates you from electricity.
   It greatly protects you from negative energy.
   It provides partial protection from all sources of acid and corrosion.
 J - the +3 leather armour of Elitism {rPois rF- Dex+4}
   (You bought it in a shop on level 2 of the Orcish Mines)

   It affects your dexterity (+4).
   It makes you vulnerable to fire.
   It protects you from poison.
 M - a +2 helmet of intelligence (melded)
 P - the +1 robe of the Poles {Str+6 Stlth+}
   (You found it in a labyrinth)

   It affects your strength (+6).
   It makes you more stealthy.
 W - a +0 plate armour
Jewellery
 f - a +3 ring of protection (left branch)
 B - an uncursed ring of stealth
 D - an uncursed ring of protection from magic
 O - the ring "Lasies" (right branch) {rElec rC+ AC+6}
   (You found it on level 2 of the Lair of Beasts)

   [ring of protection]

   It affects your AC (+6).
   It protects you from cold.
   It insulates you from electricity.
Wands
 b - a wand of flame (59)
 m - a wand of digging (13)
 n - a wand of acid (12)
 r - a wand of enslavement (14)
 y - a wand of iceblast (9)
 E - a wand of disintegration (9)
 N - a wand of polymorph (8)
Scrolls
 d - 11 scrolls of remove curse
 g - 2 scrolls of magic mapping
 l - 4 scrolls of fog
 o - 2 scrolls of teleportation
 q - 2 scrolls of amnesia
 G - 2 scrolls of acquirement
 R - a scroll of summoning
Potions
 h - a potion of agility
 i - 2 potions of flight
 k - 5 potions of brilliance
 v - 6 potions of magic
 w - 2 potions of cancellation
Comestibles
 c - 8 rations


   Skills:
 + Level 9.6(9.4) Fighting
 + Level 8.6(8.4) Long Blades
 + Level 8.6(8.4) Armour
 + Level 8.9(8.7) Dodging
 + Level 12.1(11.8) Shields
 - Level 2.4(2.2) Invocations


You had 12 spell levels left.
You didn't know any spells.
Your spell library was empty.

Dungeon Overview and Level Annotations

Branches:
Dungeon (9/15)             Temple (1/1) D:5            Lair (3/6) D:9
 Shoals (0/4) Lair:2          Orc (2/2) D:9             Elf (1/3) Orc:2
  Snake: Lair:2-4    Spider: Lair:2-4

Altars:
Ashenzari
Cheibriados
Dithmenos
Elyvilon
Fedhas
Gozag
Hepliaklqana
Kikubaaqudgha
Makhleb
Nemelex Xobeh
Okawaru
Qazlal
Ru
Sif Muna
Trog
Uskayaw
Vehumet
Wu Jian
Xom
Yredelemnul
Zin
The Shining One
Beogh

Shops:
D:6 :   Orc:2 %[[[


Innate Abilities, Weirdness & Mutations

((You have very sharp fingernails.))
((You are mostly covered in yellow scales. (AC +3)))
A weak demonic guardian rushes to your aid.
You frequently emit foul miasma when damaged in melee.
You are immune to rotting.
You are agile. (Dex +2)
Your muscles are strong. (Str +2)
You expend magic power (3 MP) to strengthen your wands.


Message History

Things that are here:
a bolt; 17 gold pieces You reach down and close the door, pushing everything out of the way.
The air gets thick with the scent of sulphur.
A red draconian opens the door.
You see here 17 gold pieces.
Okay, then.
You turn into a tree.
Your scarf of resistance melds into your body.
Your +2 helmet of intelligence melds into your body.
Your +2 pair of gloves of archery melds into your body.
Your +0 pair of boots melds into your body.
The +0 scale mail of Coronation {rElec rN++ rCorr Int-4} melds into your body.
You feel hot and cold all over.
You feel stupid.
Your aim is not that steady anymore.
Your roots penetrate the ground.
The yaktaur shoots a bolt.
You block the bolt.
The red draconian breathes flames at you.
The searing blast hits you!
You die...

#≈≈≈≈≈#######
≈≈§###!$$$[#
≈##.#.$.$.#
#..'.).).+ §
##..'.._..+
§§≈#...#.....#
§§§#..d#######
≈≈§#..c'(♣.![+
≈≈§#..)#()≈..#
≈§§#...#8≈≈≈8#
§ ##..'..≈.(+
#..'.....+
≈##.#8...8# #≈
≈≈###..(..###≈≈
§§§§≈(....§≈§§§
#§§≈§8(..8≈≈§≈§


You could see a red draconian and a yaktaur.

Vanquished Creatures
  Gastronok (D:8)
  A stone giant (Orc:1)
  A minotaur (Lab)
  Fannar (Orc:1)
  A centaur warrior (Volcano)
  A dancing weapon (Orc:2)
  2 deep elf knights (Orc:2)
  An orc high priest (Orc:2)
  The ghost of Oddysee the Skirmisher, a novice GrFi (D:7)
  2 deep elf archers (Elf:1)
  A lindwurm (Lair:3)
  6 deep elf magi
  3 orc sorcerers (Orc:2)
  A merfolk siren (Lair:2)
  2 black mambas
  2 spiny frogs
  A rime drake (Lair:2)
  3 trolls
  3 blink frogs
  5 hippogriffs
  17 yaks
  A water elemental (Orc:2)
  2 shadows (Lab)
  3 hungry ghosts (Lab)
  3 basilisks
  Menkaure (D:7)
  5 wargs
  8 water moccasins
  5 porcupines
  A sky beast (D:5)
  2 black bears
  16 orc warriors
  An ice beast (D:6)
  10 ogres
  3 crocodiles
  4 centaurs
  2 big kobolds
  7 bullfrogs
  2 scorpions
  5 killer bees (D:8)
  8 wights
  3 howler monkeys
  4 crimson imps
  4 centaur zombies (Ossuary)
  A bullfrog zombie (D:9)
  4 hounds
  2 jellies
  A bullfrog skeleton (D:4)
  18 orc priests
  A centaur skeleton (D:4)
  3 iguanas
  34 orc wizards
  5 worker ants
  An ogre zombie (Ossuary)
  A killer bee zombie (D:7)
  A hound skeleton (D:8)
  7 mummies (Ossuary)
  3 gnolls (D:6)
  6 adders
  A river rat (D:3)
  3 shadow imps
  4 oozes
  4 adder zombies
  3 worms
  A dart slug (D:5)
  3 leopard geckos
  42 orcs
  9 ball pythons
  5 bats
  5 giant cockroaches
  5 goblins
  5 hobgoblins
  8 jackals
  20 kobolds
  4 quokkas
  5 frilled lizards
  3 goblin zombies (Ossuary)
  3 hobgoblin zombies (Ossuary)
  A jackal skeleton (D:8)
  4 kobold zombies (Ossuary)
  A leopard gecko skeleton (D:5)
  A quokka skeleton (D:8)
  7 quokka zombies (Ossuary)
  7 rats
  5 rat zombies (Ossuary)
403 creatures vanquished.

Vanquished Creatures (collateral kills)
  A hydra (Lair:2)
  An orc sorcerer (Orc:2)
  A spiny frog (Lair:2)
  A fire elemental (Orc:2)
  A yak (D:9)
  A hungry ghost (Lab)
  A necrophage (D:6)
  An ogre (D:7)
  A scorpion (D:7)
  A killer bee (D:8)
  2 orc wizards (Orc:2)
  3 orc priests
  An adder (D:4)
  A leopard gecko (D:6)
  7 orcs
  A giant cockroach (D:4)
  A leopard gecko skeleton (D:4)
26 creatures vanquished.

Vanquished Creatures (others)
  A sky beast (D:7)
  An orc (D:6)
2 creatures vanquished.

Grand Total: 431 creatures vanquished

Notes
Turn   | Place    | Note
-------+----------+-------------------------------------------
     0 | Abyss:1  | Lew the Demonspawn Abyssal Knight began the quest for the Orb.
     0 | Abyss:1  | Reached XP level 1. HP: 18/18 MP: 2/2
    32 | Abyss:2  | Found a corrupted altar of Lugonu.
    84 | Abyss:2  | Noticed a wretched star
    84 | Abyss:2  | Noticed a wraith
    85 | D:1      | Escaped the Abyss
   176 | D:1      | Reached skill level 1 in Dodging
   260 | D:1      | Reached * piety under Lugonu
   260 | D:1      | Gained mutation: You are partially covered in yellow scales. (AC +2) [demonic ancestry]
   260 | D:1      | Reached XP level 2. HP: 21/24 MP: 3/3
   752 | D:2      | Found a glowing silver altar of Zin.
  1075 | D:2      | Found an iron altar of Okawaru.
  1087 | D:2      | Reached XP level 3. HP: 27/29 MP: 4/4
  1577 | D:2      | Found an opulent altar of Gozag.
  1587 | D:2      | Found a white marble altar of Elyvilon.
  1592 | D:2      | Found a shadowy altar of Dithmenos.
  1599 | D:2      | Found a sacrificial altar of Ru.
  1604 | D:2      | Found a deep blue altar of Sif Muna.
  1611 | D:2      | Found a shattered altar of Ashenzari.
  1616 | D:2      | Found a glowing golden altar of the Shining One.
  1867 | D:3      | Gained mutation: Scrolls take you a little longer to read. [potion of mutation]
  1867 | D:3      | Gained mutation: Your muscles are strong. (Str +2) [potion of mutation]
  1867 | D:3      | Gained mutation: You are resistant to hostile enchantments. (MR+) [potion of mutation]
  2158 | D:3      | Found a glowing drain.
  2166 | D:3      | Reached XP level 4. HP: 31/35 MP: 5/5
  2178 | Sewer    | Entered a sewer
  2194 | Sewer    | Noticed a big kobold
  2214 | Sewer    | Killed a big kobold
  2214 | Sewer    | Gained mutation: You are immune to rotting. [demonic ancestry]
  2214 | Sewer    | Reached XP level 5. HP: 5/42 MP: 6/6
  2654 | Sewer    | Reached ** piety under Lugonu
  3955 | D:4      | Gained mutation: A weak demonic guardian rushes to your aid. [demonic ancestry]
  3955 | D:4      | Reached XP level 6. HP: 48/48 MP: 7/7
  4621 | D:4      | Gained mutation: You have sharp fingernails. [demonic ancestry]
  4621 | D:4      | Reached XP level 7. HP: 18/55 MP: 8/8
  4831 | D:4      | Found a snail-covered altar of Cheibriados.
  5315 | D:5      | Entered Level 5 of the Dungeon
  5323 | D:5      | Reached skill level 1 in Shields
  5327 | D:5      | Found a radiant altar of Vehumet.
  5584 | D:5      | Reached skill level 2 in Shields
  5771 | D:5      | Reached *** piety under Lugonu
  5771 | D:5      | Reached skill level 3 in Shields
  5950 | D:5      | Reached skill level 4 in Shields
  6130 | D:5      | Found a staircase to the Ecumenical Temple.
  6240 | Temple   | Entered the Ecumenical Temple
  6516 | D:6      | Gained mutation: You may emit foul miasma when damaged in melee. [demonic ancestry]
  6516 | D:6      | Reached XP level 8. HP: 60/61 MP: 9/9
  6549 | D:6      | Found Cakhlafim's Book Shoppe.
  6668 | D:6      | Reached skill level 5 in Shields
  6916 | D:6      | Reached skill level 6 in Shields
  6970 | D:6      | Found a sand-covered staircase.
  6991 | Ossuary  | Entered an ossuary
  7098 | Ossuary  | Reached **** piety under Lugonu
  7220 | Ossuary  | Reached skill level 7 in Shields
  7480 | D:6      | Lost mutation: Your muscles are strong. (Str +2) [potion of mutation]
  7480 | D:6      | Lost mutation: Scrolls take you a little longer to read. [potion of mutation]
  7480 | D:6      | Lost mutation: You are resistant to hostile enchantments. (MR+) [potion of mutation]
  7480 | D:6      | Gained mutation: Your mind is acute. (Int +2) [potion of mutation]
  7480 | D:6      | Gained mutation: Armour fits poorly on your strangely shaped body. [potion of mutation]
  7480 | D:6      | Gained mutation: You have a pair of small antennae on your head. [potion of mutation]
  7481 | D:6      | Lost mutation: You have a pair of small antennae on your head. [potion of mutation]
  7481 | D:6      | Lost mutation: Armour fits poorly on your strangely shaped body. [potion of mutation]
  7481 | D:6      | Lost mutation: Your mind is acute. (Int +2) [potion of mutation]
  7481 | D:6      | Gained mutation: Your muscles are strong. (Str +2) [potion of mutation]
  7481 | D:6      | Gained mutation: You expend magic power (3 MP) to strengthen your wands. [potion of mutation]
  7481 | D:6      | Gained mutation: You are agile. (Dex +2) [potion of mutation]
  7685 | D:6      | Reached skill level 8 in Shields
  7905 | D:6      | Found a bloodstained altar of Trog.
  8111 | D:7      | Reached ***** piety under Lugonu
  8111 | D:7      | Gained mutation: You frequently emit foul miasma when damaged in melee. [demonic ancestry]
  8111 | D:7      | Reached XP level 9. HP: 23/66 MP: 10/10
  8407 | D:7      | Noticed Menkaure
  8419 | D:7      | Killed Menkaure
  8581 | D:7      | Found a runed gate.
  8581 | D:7      | Found a runed gate.
  8581 | D:7      | Found a runed gate.
  8588 | D:7      | Noticed a deep elf mage
  8588 | D:7      | Noticed Oddysee's ghost (novice GrFi)
  8959 | D:7      | Killed Oddysee's ghost
  8959 | D:7      | Reached skill level 9 in Shields
  9030 | D:7      | Killed a deep elf mage
  9030 | D:7      | Reached skill level 5 in Fighting
  9539 | D:8      | Noticed Gastronok
  9543 | D:8      | Reached skill level 10 in Shields
  9577 | D:8      | Killed Gastronok
  9577 | D:8      | Reached skill level 5 in Dodging
  9577 | D:8      | Gained mutation: You have very sharp fingernails. [demonic ancestry]
  9577 | D:8      | Reached XP level 10. HP: 32/76 MP: 11/11
  9815 | D:8      | Reached skill level 5 in Armour
  9889 | D:8      | Reached skill level 5 in Long Blades
 11268 | D:9      | Found a staircase to the Orcish Mines.
 11331 | D:9      | Found a staircase to the Lair.
 11340 | D:9      | Reached XP level 11. HP: 73/83 MP: 12/12
 11485 | D:9      | HP: 3/83 [yak (5)]
 11864 | Orc:1    | Entered Level 1 of the Orcish Mines
 12050 | Orc:2    | Entered Level 2 of the Orcish Mines
 12050 | Orc:2    | Found a roughly hewn altar of Beogh.
 12081 | Orc:2    | Noticed a stone giant
 12311 | Orc:1    | Killed a stone giant
 12467 | Orc:2    | Found a staircase to the Elven Halls.
 12479 | Orc:2    | Found a labyrinth entrance.
 12506 | Lab      | Entered a labyrinth
 12595 | Lab      | Noticed a minotaur
 12642 | Lab      | Killed a minotaur
 12642 | Lab      | Reached skill level 11 in Shields
 12760 | Lab      | Got a shadowed robe
 12804 | Lab      | Identified the cursed +1 robe of the Poles {Str+6 Stlth+} (You found it in a labyrinth)
 13298 | Orc:2    | Noticed an orc sorcerer
 13301 | Orc:2    | Noticed an orc sorcerer
 13303 | Orc:2    | Noticed an orc high priest
 13304 | Orc:2    | Noticed an orc sorcerer
 13305 | Orc:2    | Noticed an orc sorcerer
 13318 | Orc:2    | Noticed a soul eater
 13383 | Orc:2    | Paralysed by an orc sorcerer for 2 turns
 13438 | Orc:2    | Killed an orc sorcerer
 13580 | Orc:2    | Killed an orc high priest
 13605 | Orc:2    | Killed an orc sorcerer
 13616 | Orc:2    | Found Teul's Antique Armour Shoppe.
 13616 | Orc:2    | Found Eqeudeuwk's Armour Emporium.
 13616 | Orc:2    | Found Fiepan's Antique Armour Emporium.
 13619 | Orc:2    | Found Wiez's Food Shoppe.
 13631 | Orc:2    | Killed an orc sorcerer
 13855 | Orc:2    | Reached ****** piety under Lugonu
 13940 | Orc:2    | Reached XP level 12. HP: 92/92 MP: 13/13
 14310 | Orc:2    | Bought a pair of embroidered gloves for 225 gold pieces
 14321 | Orc:2    | Bought an encrusted scale mail for 234 gold pieces
 14322 | Orc:2    | Bought the +3 leather armour of Elitism {rPois rF- Dex+4} for 325 gold pieces
 14334 | Orc:2    | Identified the cursed +0 scale mail of Coronation {rElec rN++ rCorr Int-4} (You bought it in a shop on level 2 of the Orcish Mines)
 14570 | Orc:1    | Noticed Fannar
 14583 | Orc:1    | Killed Fannar
 15127 | Orc:1    | You fall through a shaft!
 15156 | Orc:2    | Bought a pair of boots for 135 gold pieces
 15188 | Elf:1    | Entered Level 1 of the Elven Halls
 16065 | Lair:1   | Entered Level 1 of the Lair of Beasts
 17714 | Lair:2   | Noticed an eight-headed hydra
 17723 | Lair:2   | Killed a ten-headed hydra
 18501 | Lair:2   | Got a shimmering steel ring
 18629 | Lair:2   | Found a staircase to the Shoals.
 19045 | Lair:2   | Identified the ring "Lasies" {rElec rC+ AC+6} (You found it on level 2 of the Lair of Beasts)
 19046 | Lair:2   | Identified 2 scrolls of acquirement
 19322 | Orc:2    | Found a staircase to the Elven Halls.
 19743 | Orc:2    | Found a roughly hewn altar of Beogh.
 20325 | Elf:1    | Reached skill level 12 in Shields
 20325 | Elf:1    | Gained mutation: You are mostly covered in yellow scales. (AC +3) [demonic ancestry]
 20325 | Elf:1    | Reached XP level 13. HP: 97/101 MP: 14/14
 20982 | Lair:3   | Found a dark tunnel.
 21032 | Volcano  | Entered a volcano
 21065 | Volcano  | Found a bloodstained altar of Trog.
 21066 | Volcano  | Noticed a red draconian
 21090 | Volcano  | Killed from afar by a red draconian

Skill      XL: |  1  2  3  4  5  6  7  8  9 10 11 12 |
---------------+-------------------------------------+-----
Dodging        | 1 2 3 4 5 6 7 8 |  8.9
Long Blades    | 2 3 4 5 7 8 |  8.6
Armour         | 2 3 4 5 7 8 |  8.6
Fighting       | 4 5 6 8 9 |  9.6
Shields        | 4 8 10 11 12 | 12.1
Invocations    | |  2.4

Action                   |  1- 3 |  4- 6 |  7- 9 | 10-12 | 13-15 || total
-------------------------+-------+-------+-------+-------+-------++-------
Melee: Falchion          |    96 |   192 |   418 |   759 |    55 ||  1520
       Short sword       |       |       |    74 |    28 |       ||   102
       Scimitar          |       |       |       |    19 |       ||    19
Throw: Javelin           |       |       |       |     2 |       ||     2
Invok: Depart the Abyss  |     1 |       |       |       |       ||     1
Evoke: Wand              |       |       |       |     1 |       ||     1
  Use: Scroll            |     8 |     8 |    17 |    17 |     2 ||    52
       Potion            |     4 |     2 |    17 |     4 |     4 ||    31
 Stab: Invisible         |       |     3 |     4 |       |       ||     7
       Sleeping          |       |     1 |       |     3 |       ||     4
       Distracted        |       |       |     1 |     4 |     1 ||     6
  Eat: Chunk             |     2 |       |     2 |    11 |       ||    15
       Ration            |     1 |     2 |     4 |     8 |     1 ||    16
Armor: Leather armour    |    32 |    62 |    16 |   118 |    14 ||   242
       Ring mail         |       |       |    95 |    68 |       ||   163
       Troll leather arm |       |       |       |    62 |       ||    62
       Scale mail        |       |       |       |       |     4 ||     4
Dodge: Dodged            |    64 |   149 |   146 |   502 |    44 ||   905
Block: Shield            |       |       |   222 |   558 |    52 ||   832
       Rpst.: Falchion   |    24 |    47 |    41 |   101 |    10 ||   223
       Scimitar          |       |       |       |    13 |       ||    13
